 Dungeon Crawl Stone Soup version 0.31-b1-17-gcfd88c8481 (webtiles) character file.

Game seed: 11683353956023429751

5569 Esekla the Covert (level 10, 0/68 HPs)
             Began as an Octopode Delver on Jan 15, 2024.
             Was an Initiate of Gozag.
             Slain by a basilisk (16 damage)
             ... on level 8 of the Dungeon.
             The game lasted 00:45:02 (8229 turns).

Esekla the Covert (Octopode Delver)                 Turns: 8229, Time: 00:45:02

Health: 0/68       AC:  5    Str: 16    XL:     10   Next: 72%
Magic:  16/16      EV: 15    Int: 22    God:    Gozag
Gold:   753        SH:  0    Dex: 14    Spells: 12/17 levels left

rFire   . . .        a - +12 long sword "Jaofriv" {drain, rElec rCorr Str-2}
rCold   . . .        (no shield)
rNeg    . . .        (helmet restricted)
rPois   .            (no amulet)
rElec   +            c - ring of willpower
rCorr   +            o - +6 ring of strength
SInv    .            p - +6 ring of intelligence
Will    +....        u - +4 ring of protection
Stlth   +++++        (no ring)
HPRegen 0.31/turn    (no ring)
MPRegen 0.15/turn    (no ring)
                     (no ring)

%: no passive effects
@: gold aura
A: almost no armour, amphibious, 8 rings, camouflage 1, gelatinous body 1,
(nimble swimmer 1), tentacles
a: Renounce Religion, Potion Petition, Call Merchant, Bribe Branch


You were on level 8 of the Dungeon.
You worshipped Gozag.
Gozag was pleased with you.
You visited 1 branch of the dungeon, and saw 8 of its levels.

You collected 1850 gold pieces.
You spent 456 gold pieces at shops.
You paid 641 gold pieces to Gozag.

Inventory:

Hand Weapons
 a - the +12 long sword "Jaofriv" (weapon) {drain, rElec rCorr Str-2}
   (You bought it in a shop on level 6 of the Dungeon)

   Str-2:     It affects your strength (-2).
   rElec:     It insulates you from electricity.
   rCorr:     It protects you from acid and corrosion.
 r - a +4 trident
 s - a +0 dagger
Missiles
 h - 2 poisoned darts (quivered)
Armour
 F - a +0 buckler
Jewellery
 c - a ring of willpower (left tentacle)
 o - a +6 ring of strength (right tentacle)
 p - a +6 ring of intelligence (on tentacle)
 u - a +4 ring of protection (on tentacle)
 H - a ring of fire
Wands
 f - a wand of digging (3)
 G - a wand of flame (17)
Scrolls
 b - 2 scrolls of fog
 g - 8 scrolls of identify
 i - a scroll of enchant weapon {unknown}
 k - 2 scrolls of amnesia {unknown}
 m - a scroll of torment {unknown}
 n - 5 scrolls of teleportation
 q - 2 scrolls of noise {unknown}
 t - 2 scrolls of revelation
 v - 2 scrolls of enchant armour {unknown}
 y - a scroll of poison {unknown}
 z - a scroll of butterflies {unknown}
 A - a scroll of immolation {unknown}
 D - a scroll of acquirement {unknown}
 E - 3 scrolls of blinking {unknown}
Potions
 e - 2 potions of haste
 j - 5 potions of enlightenment
 l - a potion of attraction
 w - a potion of curing
 x - 2 potions of mutation
 B - 2 potions of invisibility
 C - a potion of resistance
 I - 2 potions of magic {unknown}


   Skills:
 * Level 6.1 Fighting
 + Level 0.4(5.2) Short Blades
 * Level 8.5 Long Blades
 + Level 3.0 Throwing
 * Level 5.4 Dodging
 + Level 10.4 Stealth
 * Level 2.1 Shields
 * Level 4.1 Spellcasting
 * Level 4.6 Necromancy
 * Level 4.2 Translocations
 * Level 2.7 Air Magic


You had 12 spell levels left.
You knew the following spells:

 Your Spells              Type           Power      Damage    Failure   Level
b - Blink                 Tloc           46%        N/A       3%          2
w - Fugue of the Fallen   Necr           24%        N/A       4%          3

Your spell library contained the following spells:

 Spells                   Type           Power      Damage    Failure   Level
 Sublimation of Blood     Necr           24%        N/A       2%          2
 Magic Dart               Conj           16%        1d3       11%         1
 Volatile Blastmotes      Fire/Tloc      26%        2d12      14%         3
 Call Imp                 Summ           8%         N/A       17%         2
 Ensorcelled Hibernation  Hex/Ice        8%         N/A       17%         2
 Call Canine Familiar     Summ           4%         N/A       32%         3
 Dazzling Flash           Conj/Hex       8%         N/A       32%         3
 Sigil of Binding         Hex            4%         N/A       32%         3
 Stone Arrow              Conj/Erth      8%         3d7       32%         3
 Anguish                  Hex/Necr       7%         N/A       38%         4
 Dimensional Bullseye     Hex/Tloc       6%         N/A       43%         4
 Starburst                Conj/Fire      2%         6d3       100%        6
 Summon Hydra             Summ           2%         N/A       100%        7
 Lehudib's Crystal Spear  Conj/Erth      2%         10d2      100%        8
 Maxwell's Capacitive Co  Air            8%         ∞         100%        8
 Animate Armour           Summ/Erth      Unusable   N/A       N/A         4

Dungeon Overview and Level Annotations

Branches:
Dungeon (8/15)             Temple (0/1) D:4
   Lair: D:8-11

Altars:
Cheibriados
Elyvilon
Fedhas
Gozag
Hepliaklqana
Makhleb
Nemelex Xobeh
Okawaru
Sif Muna
Vehumet
Xom
Yredelemnul

Shops:
D:6 (   D:8 *

Annotations:
D:2 Terence
D:4 2 transporters, ketchum's ghost, amateur MfSh
D:8 3 runed translucent doors, 2 transporters


Innate Abilities, Weirdness & Mutations

You cannot wear most types of armour.
You are amphibious.
You can wear up to eight rings at the same time.
Your skin changes colour to match your surroundings (Stealth+).
Your rubbery body absorbs attacks. (AC +1, EV +1)
((You are camouflaged when in or above water. (Stealth+)))
You have tentacles for arms and can constrict up to eight enemies at once.


Message History

The electric eel shoots out a bolt of lightning at you!
The bolt of electricity hits you. You resist.
You closely miss the electric eel. You grab the electric eel.
You constrict the electric eel. The basilisk bites you!
The electric eel shoots out a bolt of lightning at you!
The bolt of electricity hits you. You resist.
You barely miss the electric eel. Your grab misses the electric eel.
You constrict the electric eel. The basilisk gazes at you.
You resist with almost no effort.
You slash the electric eel! Your grab misses the electric eel.
You squeeze the electric eel.
The electric eel is almost dead.
You constrict the electric eel. The basilisk closely misses you.
The electric eel shoots out a bolt of lightning at you!
The bolt of electricity misses you.
The bolt of electricity hits the electric eel.
The electric eel completely resists.
The electric eel shoots out a bolt of lightning at you!
The bolt of electricity misses you.
The bolt of electricity hits the electric eel.
The electric eel completely resists.
You slash the electric eel!
You kill the electric eel!
You hear a splash.
You constrict the electric eel. The basilisk gazes at you.
You resist with almost no effort.
The electric eel shoots out a bolt of lightning at you!
The bolt of electricity hits you. You resist.
You hit the electric eel.
You kill the electric eel!
You hear a splash.
The basilisk bites you!
* * * LOW HITPOINT WARNING * * *
You slash the basilisk! Your grab misses the basilisk.
The basilisk is heavily wounded.
The basilisk bites you!
You die...
Your body crumbles into a pile of gold.

####........)........###
##......................
............############
.............#
.............###########
.......≈..............).
...≈≈≈≈≈......#####.#.##
...≈?≈l$≈≈....# #.#.##
..≈≈..?@≈(....# #.#.#.
...≈≈>.$≈$....# #.#.#.
..~.≈≈.≈≈$....# #.#)..
.....≈≈≈......# #...#.
.....~~?......#####.#.#.
.................##.#.##
..............##......##
..............######....
.....[..#..## #....


You could see a basilisk.

Vanquished Creatures
  Joseph (D:8)
  A gargoyle (D:8)
  A komodo dragon (D:7)
  9 yaks
  A wraith (D:6)
  A basilisk (D:8)
  An acid dragon (D:8)
  A water moccasin (D:7)
  4 sky beasts
  2 black bears
  An orc warrior (D:7)
  2 ogres
  3 phantoms
  3 bullfrogs (D:8)
  4 scorpions
  9 wights
  4 electric eels (D:8)
  A bombardier beetle (D:6)
  An orc priest (D:6)
  Crazy Yiuf (D:2)
  A gnoll bouda (D:4)
  5 hounds
  A jelly (D:4)
  2 sleepcaps
  Jessica (D:2)
  Natasha (thrice) (D:2)
  4 iguanas
  3 orc wizards
  Robin (D:3)
  10 adders
  8 gnolls
  A dart slug (D:3)
  17 orcs
  5 bats
  9 endoplasms
  4 giant cockroaches
  13 goblins
  5 hobgoblins
  3 jackals (D:1)
  3 quokkas
  6 ball pythons
  3 frilled lizards
  6 kobolds
  9 rats
174 creatures vanquished.

Notes
Turn   | Place    | Note
-------+----------+-------------------------------------------
     0 | D:5      | Esekla the Octopode Delver began the quest for the Orb.
     0 | D:5      | Reached XP level 1. HP: 16/16 MP: 1/1
    66 | D:5      | Noticed a sleepcap
   200 | D:5      | Noticed a phantom
   231 | D:5      | Noticed a sky beast
   239 | D:5      | Noticed an iguana
   263 | D:5      | Noticed an ogre
   267 | D:5      | Found a white marble altar of Elyvilon.
   339 | D:5      | Found an opulent altar of Gozag.
   348 | D:5      | Became a worshipper of Gozag Ym Sagoz the Greedy
   354 | D:5      | Found a blossoming altar of Fedhas.
   354 | D:5      | Found a shimmering altar of Xom.
   361 | D:5      | Found a hazy altar of Hepliaklqana.
   361 | D:5      | Found a basalt altar of Yredelemnul.
   392 | D:5      | Noticed an orc wizard
   400 | D:5      | Killed an orc wizard
   401 | D:5      | Reached skill level 7 in Stealth
   401 | D:5      | Reached XP level 2. HP: 20/21 MP: 2/2
   401 | D:5      | Reached XP level 3. HP: 24/26 MP: 3/3
   661 | D:2      | Noticed Terence
   907 | D:1      | Learned a level 2 spell: Blink
  1240 | D:2      | Noticed Jessica
  1244 | D:2      | Killed Jessica
  1245 | D:2      | Reached XP level 4. HP: 31/31 MP: 4/4
  1306 | D:2      | Noticed Natasha
  1323 | D:2      | Killed Natasha
  1415 | D:2      | Reached XP level 5. HP: 36/36 MP: 5/5
  2119 | D:2      | Noticed Crazy Yiuf
  2119 | D:2      | Found a runed translucent door.
  2121 | D:2      | Killed Crazy Yiuf
  2122 | D:2      | Reached skill level 8 in Stealth
  2167 | D:2      | Noticed Natasha
  2179 | D:2      | Killed Natasha
  2234 | D:3      | Found a snail-covered altar of Cheibriados.
  2235 | D:3      | Noticed Robin
  2425 | D:3      | Killed Robin
  2426 | D:3      | Reached skill level 1 in Necromancy
  2479 | D:3      | Reached XP level 6. HP: 43/43 MP: 7/7
  2657 | D:4      | Found an iron altar of Okawaru.
  2738 | D:3      | Found a radiant altar of Vehumet.
  2799 | D:2      | Noticed Natasha
  2807 | D:2      | Killed Natasha
  2937 | D:4      | Reached skill level 1 in Translocations
  2972 | D:4      | Reached skill level 1 in Spellcasting
  3007 | D:4      | Found a staircase to the Ecumenical Temple.
  3087 | D:4      | Found a transporter.
  3091 | D:4      | Noticed ketchum's ghost (amateur MfSh)
  3249 | D:4      | Reached XP level 7. HP: 41/47 MP: 8/8
  3441 | D:4      | Found a transporter.
  3749 | D:5      | Reached skill level 9 in Stealth
  3804 | D:5      | Reached XP level 8. HP: 47/54 MP: 10/10
  4201 | D:6      | Reached skill level 5 in Long Blades
  4528 | D:6      | Reached skill level 1 in Throwing
  4703 | D:6      | Learned a level 3 spell: Fugue of the Fallen
  4796 | D:6      | Reached skill level 5 in Fighting
  4889 | D:6      | Identified the +1 leather armour of the Immovable Seas {rC+
                  | rN+++ Int+5 Dex-5}
  5072 | D:6      | Noticed a wraith
  5110 | D:5      | Reached XP level 9. HP: 46/61 MP: 11/13
  5218 | D:6      | Bought an ichor-stained long sword for 246 gold pieces
  5218 | D:6      | Identified the +12 long sword "Jaofriv" {drain, rElec rCorr
                  | Str-2} (You bought it in a shop on level 6 of the Dungeon)
  5304 | D:6      | Reached skill level 1 in Air Magic
  6223 | D:8      | Found a runed translucent gate.
  6240 | D:8      | Reached XP level 10. HP: 67/67 MP: 15/15
  6274 | D:8      | Reached skill level 1 in Shields
  6285 | D:8      | Found a transporter.
  6287 | D:8      | Found a transporter.
  6386 | D:8      | Reached skill level 10 in Stealth
  6393 | D:7      | Reached skill level 5 in Dodging
  6509 | D:8      | Noticed Joseph
  6509 | D:8      | Found a burning altar of Makhleb.
  6691 | D:8      | Found a runed translucent gate.
  6692 | D:8      | Found a runed translucent gate.
  6694 | D:8      | Noticed a red ugly thing
  6694 | D:8      | Noticed a white ugly thing
  6708 | D:8      | Found Dakoleoh's General Store.
  6711 | D:8      | Bought a scroll of identify for 20 gold pieces
  6711 | D:8      | Bought a potion of curing for 30 gold pieces
  6711 | D:8      | Bought a scroll of teleportation for 30 gold pieces
  6711 | D:8      | Bought a potion of enlightenment for 50 gold pieces
  6711 | D:8      | Bought a potion of mutation for 80 gold pieces
  6731 | D:8      | Killed Joseph
  6942 | D:8      | Found a shimmering blue altar of Sif Muna.
  6974 | D:8      | Noticed a blizzard demon
  6977 | D:8      | Noticed an orange demon
  7101 | D:8      | Noticed a gargoyle
  7628 | D:8      | Found a sparkling altar of Nemelex Xobeh.
  8176 | D:8      | Killed a gargoyle
  8229 | D:8      | Slain by a basilisk

Illustrated notes

Levels and vault maps discovered:
D:1:      pf_arrival_petrified_forest, layout_loops_corners
D:2:      layout_rooms, uniq_natasha, uniq_crazy_yiuf_cottage, uniq_jessica,
          uniq_terence
D:3:      layout_rooms, amcnicky_altar_gilded, mainiacjoe_overflow_alcove_4,
          uniq_robin
D:4:      layout_loops_ring, okawaru_gym_becter, temple_statues,
          gammafunk_ghost_mausoleum, hangedman_decor_peaks_small
D:5:      layout_loops_ring, nicolae_elyvilon_temple_path,
          minmay_overflow_temple_star_hex, kennysheep_generic_room_16
D:6:      kennysheep_spiral_hall, layout_rooms, minmay_misc_feat_plants,
          grunt_potential
D:7:      layout_loops_corners
D:8:      gammafunk_beogh_shrine, layout_rooms, lemuel_blue_sif_altar,
          makhleb_altar_promises_db, old_standard_altar, david_lair_shrubbed,
          serial_shops, nicolae_shop_tiny_real_fake_doors,
          ploomutoo_gammafunk_ghost_potion_laboratory,
          hangedman_decor_slide_cut, disabler_island, uniq_joseph

Skill      XL: |  1  2  3  4  5  6  7  8  9 10 |
---------------+-------------------------------+-----
Stealth        | 7 8 9 10 | 10.4
Long Blades    | 3 4 6 7 8 |  8.5
Necromancy     | 1 2 3 4 |  4.6
Translocations | 1 2 3 4 |  4.2
Spellcasting   | 1 2 3 4 |  4.1
Fighting       | 4 5 6 |  6.1
Dodging        | 3 4 5 |  5.4
Throwing       | 1 2 3 |  3.0
Air Magic      | 1 2 |  2.7
Shields        | 2 |  2.1
Short Blades   | |  0.4

Action                     |  1- 3 |  4- 6 |  7- 9 | 10-12 || total
---------------------------+-------+-------+-------+-------++-------
  Melee: Falchion          |    34 |    74 |   129 |       ||   237
         Constrict         |     6 |    21 |    29 |    13 ||    69
         Tentacles         |     5 |     9 |    45 |    16 ||    75
         Dagger            |     9 |    29 |    13 |     3 ||    54
         Punch             |     1 |     2 |     1 |       ||     4
         Long sword        |       |       |    41 |    65 ||   106
  Throw: Dart              |     5 |     7 |    38 |    16 ||    66
   Cast: Blink             |       |     1 |       |       ||     1
 Invoke: Call Merchant     |       |       |     1 |       ||     1
    Use: Scroll            |     1 |       |       |     5 ||     6
         Potion            |       |     1 |       |     1 ||     2
   Stab: Sleeping          |     7 |    26 |    11 |     3 ||    47
         Distracted        |       |     1 |     1 |       ||     2
 Armour: Skin              |    17 |    33 |    87 |    80 ||   217
  Dodge: Dodged            |    19 |    39 |    90 |    57 ||   205
